 Dungeon Crawl Stone Soup version 0.31-a0-986-g5e6e4ef867 (webtiles) character file.

Game seed: 7481217315449615777

65 zenocrate the Chiller (level 4, 0/33 HPs)
             Began as a Ghoul Ice Elementalist on Nov 16, 2023.
             Slain by an orc
             ... wielding a +0 mace
              (2 damage)
             ... on level 2 of the Dungeon.
             The game lasted 00:02:05 (1685 turns).

zenocrate the Chiller (Ghoul Ice Elementalist)      Turns: 1685, Time: 00:02:05

Health: 0/33       AC:  3    Str: 19    XL:     4   Next: 13%
Magic:  5/5        EV: 11    Int: 10    God:
Gold:   73         SH:  0    Dex:  9    Spells: 5/6 levels left

rFire   . .          .
                       - Unarmed
rCold   + . .        (no shield)
rNeg    + + +        d - +0 leather armour
rPois   ∞            (no helmet)
rElec   .            (no cloak)
rCorr   .            (no gloves)
SInv    .            (no boots)
Will    .....        (no amulet)
Stlth   +            e - +6 ring of strength
HPRegen 0.00/turn    (no ring)
MPRegen 0.09/turn

%: no passive effects
@: inhibited regen
A: claws 1, cold resistance 1, negative energy resistance 3, inhibited
regeneration, torment resistance 2, devour on kill
a: no special abilities


You were on level 2 of the Dungeon.
You visited 1 branch of the dungeon, and saw 3 of its levels.

You collected 73 gold pieces.

Inventory:

Armour
 a - a +0 chain mail
 d - a +0 leather armour (worn)
 g - a +0 buckler
Jewellery
 e - a +6 ring of strength (left claw)
Scrolls
 h - a scroll of enchant armour {unknown}
 i - a scroll of noise {unknown}
Potions
 b - a potion of magic
 c - a potion of might {unknown}
 f - a potion of curing {unknown}


   Skills:
 + Level 1.8 Armour
 - Level 1.7 Dodging
 - Level 2.1 Stealth
 + Level 3.0 Unarmed Combat
 - Level 1.7 Spellcasting
 - Level 4.3 Ice Magic


You had 5 spell levels left.
You knew the following spells:

 Your Spells              Type           Power      Damage    Failure   Level
a - Freeze                Ice            36%        1d5       6%          1

Your spell library contained the following spells:

 Spells                   Type           Power      Damage    Failure   Level
 Frozen Ramparts          Ice            18%        1d3       19%         3
 Ozocubu's Armour         Ice            9%         N/A       19%         3
 Summon Ice Beast         Ice/Summ       5%         N/A       83%         4


Dungeon Overview and Level Annotations

Branches:
Dungeon (3/15)

Altars:


Innate Abilities, Weirdness & Mutations

You are immune to poison.
You have sharp fingernails.
Your flesh is cold resistant. (rC+)
You are immune to negative energy. (rN+++)
You do not regenerate when monsters are visible.
You are immune to unholy pain and torment.
You thrive by killing the living.


Message History

The bat misses you.
You barely miss the bat. The bat hits you but does no damage.
You are too injured to fight recklessly!
You scratch the orc.
The orc is lightly wounded.
The orc hits you with a +0 mace.
You are too injured to fight recklessly!
You barely miss the orc.
The orc is lightly wounded.
The orc completely misses you.
You are too injured to fight recklessly!
You scratch the orc but do no damage.
The orc is lightly wounded.
The orc misses you.
You closely miss the orc.
The orc is lightly wounded.
The orc misses you.
You scratch the orc but do no damage.
The orc is lightly wounded.
The orc misses you.
You are too injured to fight recklessly!
You scratch the orc.
The orc is heavily wounded.
The orc hits you with a +0 mace.
You scratch the orc.
The orc is almost dead.
The orc hits you with a +0 mace.
* * * LOW HITPOINT WARNING * * *
You barely miss the orc.
The orc is almost dead.
The orc hits you with a +0 mace!
* * * LOW HITPOINT WARNING * * *
You are too injured to fight recklessly!
You barely miss the orc.
The orc is almost dead.
The orc barely misses you.
You barely miss the orc.
The orc is almost dead.
The orc hits you with a +0 mace.
You die...

..#.......#.####.####.# #.##
..#########.####......# #.# ..#
#######...######### #.# ..#
#.......##.##########.#
..###.###...###.##.....##.#
........#.....<..#..<..##.#
.)......#.......b.o....##.#
........##.....#o#.....##.#
..###.#.##.)..##@#.o>[.##.# ..#
#.........##.########.##### ..#
#######......# #.....# ..#
##...### #####.# ..# ##.....##
### #.# ..### ##.......## ##.##
#.# ....#####.........#
##.#.###.#
#.#..............#####.###....#
##....####............## ##.###


You could see an orc and a bat.

Vanquished Creatures
  An iguana (D:3)
  3 dart slugs
  3 orcs
  3 ball pythons (D:1)
  2 endoplasms
  A giant cockroach (D:2)
  4 goblins
  5 hobgoblins
  2 kobolds (D:2)
  4 bats
  A rat (D:1)
29 creatures vanquished.

Notes
Turn   | Place    | Note
-------+----------+-------------------------------------------
     0 | D:1      | zenocrate the Ghoul Ice Elementalist began the quest for
                  | the Orb.
     0 | D:1      | Reached XP level 1. HP: 14/14 MP: 2/2
    25 | D:1      | Reached skill level 1 in Unarmed Combat
    94 | D:1      | Reached XP level 2. HP: 14/20 MP: 3/3
   803 | D:2      | Reached skill level 1 in Armour
   857 | D:2      | Reached XP level 3. HP: 21/26 MP: 4/4
   936 | D:2      | Identified the +4 hand axe of the Bedazzling Fool {freeze,
                  | rPois}
  1509 | D:3      | Reached XP level 4. HP: 21/33 MP: 5/5
  1685 | D:2      | Slain by an orc

Illustrated notes

Levels and vault maps discovered:
D:1:      sevenhm_arrival_forest_fort_small_6, layout_loops_ring,
          nicolae_concentric_dashed_squares_mild, amethyst_killhole
D:2:      layout_loops_cross
D:3:      layout_basic, uniq_natasha

Skill      XL: |  1  2  3  4 |
---------------+-------------+-----
Unarmed Combat | 1 2 3 |  3.0
Armour         | 1 |  1.8
Dodging        | |  1.7
Stealth        | |  2.1
Spellcasting   | |  1.7
Ice Magic      | |  4.3

Action                     |  1- 3 |  4- 6 || total
---------------------------+-------+-------++-------
  Melee: Unarmed           |    97 |    26 ||   123
         Punch             |     3 |       ||     3
   Stab: Sleeping          |     2 |       ||     2
 Armour: Robe              |    11 |       ||    11
         Leather armour    |    33 |    31 ||    64
  Dodge: Dodged            |    52 |    24 ||    76

Table legend: (Time is in decaauts)
 A = Elapsed time spent in this place.
 B = Non-inter-level travel time spent in this place.
 C = Inter-level travel time spent in this place.
 D = Time resting spent in this place.
 E = Time spent auto-exploring this place.
 F = Levels seen in this place.
 G = Mean time per level.
                   A        B        C        D        E       F      G
               +--------+--------+--------+--------+--------+-----+--------+
         Total |   1680 |   1600 |     80 |      0 |   1266 |   3 |  560.0 |
       Dungeon |   1680 |   1600 |     80 |      0 |   1266 |   3 |  560.0 |
               +--------+--------+--------+--------+--------+-----+--------+

Top non-repeatable levels by time:
     D:2: 852 daAuts
     D:1: 761 daAuts
     D:3: 66 daAuts
